 Dungeon Crawl Stone Soup version 0.31-a0-986-g5e6e4ef867 (webtiles) character file.

Game seed: 1135475759314778102

33385 Hubris850 the Skirmisher (level 13, -2/57 HPs)
             Began as a Spriggan Hunter on Nov 15, 2023.
             Was the Champion of Lugonu.
             Slain by a cane toad (23 damage)
             ... on level 3 of the Lair of Beasts on Nov 17, 2023.
             The game lasted 00:59:55 (16582 turns).

Hubris850 the Skirmisher (Spriggan Hunter)         Turns: 16582, Time: 00:59:56

Health: -2/57      AC:  2    Str:  4    XL:     13   Next: 36%
Magic:  29/29      EV: 22    Int: 12    God:    Lugonu [******]
Gold:   997        SH:  0    Dex: 28    Spells: 17/34 levels left

rFire   . . .        a - +4 sling (flame)
rCold   . . .        (no shield)
rNeg    . . .        g - +0 robe of Uskayaw's Indignation {rCorr Str-3 Slay+6 Stlth+}
rPois   +            (helmet restricted)
rElec   .            (no cloak)
rCorr   +            (gloves unavailable)
SInv    +            (boots unavailable)
Will    ++...        (no amulet)
Stlth   ++++++       C - ring of wizardry
HPRegen 0.29/turn    H - +6 ring of dexterity
MPRegen 0.21/turn

%: wizardry (x1)
@: very quick
A: very small, no large weapons, unfitting armour, see invisible, speed 3,
poison resistance, no potion heal 1
a: Renounce Religion, Depart the Abyss, Banish, Corrupt, Enter the Abyss, Brand
Weapon With Distortion


You were on level 3 of the Lair of Beasts.
You worshipped Lugonu.
Lugonu was exalted by your worship.
You visited 2 branches of the dungeon, and saw 14 of its levels.
You also visited: Ossuary and Ice Cave.

You collected 997 gold pieces.

Inventory:

Hand Weapons
 a - a +4 sling of flaming (weapon)
 T - a +6 quarterstaff
Missiles
 d - 43 poisoned darts
 i - 16 throwing nets
 s - 4 darts of dispersal
 t - 7 curare-tipped darts
Armour
 g - the +0 robe of Uskayaw's Indignation (worn) {rCorr Str-3 Slay+6 Stlth+}
   (You acquired it on level 2 of the Dungeon)

   Str-3:     It affects your strength (-3).
   Slay+6:    It affects your accuracy & damage with ranged weapons and melee
   (+6).
   rCorr:     It protects you from acid and corrosion.
   Stlth+:    It makes you more stealthy.
Jewellery
 c - a +6 ring of strength
 C - a ring of wizardry (left hand)
 H - a +6 ring of dexterity (right hand)
 Y - the ring "Apoat" {rElec rF+ rN+ Dex-3 Stlth+}
   (You took it off a necromancer in an ice cave)

   [ring of positive energy]

   Dex-3:     It affects your dexterity (-3).
   rF+:       It protects you from fire.
   rElec:     It insulates you from electricity.
   rN+:       It protects you from negative energy.
   Stlth+:    It makes you more stealthy.
Wands
 L - a wand of mindburst (6)
 V - a wand of flame (10)
 W - a wand of paralysis (20)
Scrolls
 b - a scroll of amnesia
 h - a scroll of butterflies
 j - 4 scrolls of poison
 o - 3 scrolls of blinking
 y - 2 scrolls of fog
 J - 2 scrolls of teleportation
 P - a scroll of noise {unknown}
 Q - 2 scrolls of revelation
Potions
 f - 13 potions of curing
 m - 4 potions of might
 p - 3 potions of magic
 u - 3 potions of heal wounds
 x - 2 potions of invisibility
 A - a potion of haste
 S - 2 potions of ambrosia {unknown}
 U - 3 potions of resistance {unknown}
Miscellaneous
 I - a box of beasts
 X - a phial of floods


   Skills:
 - Level 1.5 Fighting
 - Level 14.0 Ranged Weapons
 - Level 5.0 Dodging
 - Level 10.2 Stealth
 + Level 11.0 Spellcasting
 + Level 4.5 Conjurations
 - Level 8.0 Hexes
 + Level 5.0 Fire Magic
 - Level 9.0 Invocations
 - Level 6.0 Evocations


You had 17 spell levels left.
You knew the following spells:

 Your Spells              Type           Power      Damage    Failure   Level
a - Cause Fear            Hex            13%        N/A       1%          4
b - Slow                  Hex            100%       N/A       1%          1
c - Inner Flame           Hex/Fire       22%        N/A       1%          3
d - Flame Wave            Conj/Fire      18%        2d7       6%          4
e - Fireball              Conj/Fire      9%         3d6       16%         5

Your spell library contained the following spells:

 Spells                   Type           Power      Damage    Failure   Level
 Confusing Touch          Hex            26%        N/A       1%          3
 Dazzling Flash           Conj/Hex       42%        N/A       1%          3
 Sigil of Binding         Hex            26%        N/A       1%          3
 Static Discharge         Conj/Air       24%        3-4/arc   2%          2
 Summon Guardian Golem    Hex/Summ       16%        N/A       2%          3
 Freeze                   Ice            24%        1d4       4%          1
 Volatile Blastmotes      Fire/Tloc      24%        2d12      4%          3
 Hailstorm                Conj/Ice       12%        3d5       5%          3
 Blink                    Tloc           12%        N/A       6%          2
 Sticky Flame             Conj/Fire      18%        2d4       6%          4
 Leda's Liquefaction      Hex/Erth       8%         N/A       9%          4
 Frozen Ramparts          Ice            12%        1d2       13%         3
 Gell's Gravitas          Tloc           6%         N/A       13%         3
 Teleport Other           Tloc           6%         N/A       13%         3
 Vampiric Draining        Necr           6%         2d6       13%         3
 Metabolic Englaciation   Hex/Ice        8%         N/A       22%         5
 Silence                  Hex/Air        8%         N/A       22%         5
 Airstrike                Air            3%         2d(1-17)  38%         4
 Manifold Assault         Tloc           6%         N/A       38%         4
 Passage of Golubria      Tloc           6%         N/A       38%         4
 Summon Lightning Spire   Summ/Air       6%         N/A       38%         4
 Starburst                Conj/Fire      9%         6d5       63%         6
 Dispersal                Tloc           3%         N/A       99%         6
 Lehudib's Crystal Spear  Conj/Erth      6%         10d3      100%        8
 Maxwell's Capacitive Co  Air            3%         ∞         100%        8
 Dragon's Call            Summ           3%         N/A       100%        9


Dungeon Overview and Level Annotations

Branches:
Dungeon (10/15)            Temple (0/1) D:4            Lair (4/5) D:8
 Shoals (0/4) Lair:2        Snake (0/4) Lair:3      Ossuary (visited)
  IceCv (visited)
  Slime: Lair:4-5       Orc: D:9-12

Altars:
Cheibriados
Dithmenos
Elyvilon
Fedhas
Gozag
Hepliaklqana
Nemelex Xobeh
Okawaru
Ru
Trog
Uskayaw
Wu Jian
Xom
Yredelemnul
Zin
The Shining One
Lugonu

Shops:
D:1 [   D:9 *   D:10 :


Innate Abilities, Weirdness & Mutations

You are very small and have problems with some larger weapons.
You are too small for most types of armour.
You have supernaturally acute eyesight. (SInv)
You cover ground extremely quickly. (Speed+++)
Your system is resistant to poisons. (rPois)
Potions are less effective at restoring your health.


Message History

The sling bullet burns the cane toad.
The cane toad is lightly wounded.
Fire: a) +4 sling (flame)
Press: ? - help, Q - select action, (/) - cycle Shift-Dir - straight line, f/p - cane toad
Aim: a cane toad (lightly wounded, 78% to hit)
You shoot a sling bullet.
The sling bullet hits the cane toad but does no damage.
The cane toad is lightly wounded.
Fire: a) +4 sling (flame)
Press: ? - help, Q - select action, (/) - cycle Shift-Dir - straight line, f/p - cane toad
Aim: a cane toad (lightly wounded, 78% to hit)
You shoot a sling bullet. The sling bullet hits the cane toad.
The sling bullet burns the cane toad.
The cane toad is lightly wounded.
Fire: a) +4 sling (flame)
Press: ? - help, Q - select action, (/) - cycle Shift-Dir - straight line, f/p - cane toad
Aim: a cane toad (lightly wounded, 78% to hit)
You shoot a sling bullet. The sling bullet hits the cane toad.
The sling bullet burns the cane toad.
The cane toad is moderately wounded.
Fire: a) +4 sling (flame)
Press: ? - help, Q - select action, (/) - cycle Shift-Dir - straight line, f/p - cane toad
Aim: a cane toad (moderately wounded, 78% to hit)
You shoot a sling bullet. The sling bullet hits the cane toad!
The sling bullet burns the cane toad.
The cane toad is severely wounded.
Fire: a) +4 sling (flame)
Press: ? - help, Q - select action, (/) - cycle Shift-Dir - straight line, f/p - cane toad
Aim: a cane toad (severely wounded, 78% to hit)
You shoot a sling bullet.
The sling bullet closely misses the cane toad.
The cane toad stings you!!
Fire: a) +4 sling (flame)
Press: ? - help, Q - select action, (/) - cycle Shift-Dir - straight line, f/p - cane toad
Aim: a cane toad (severely wounded, 78% to hit)
You shoot a sling bullet. The sling bullet hits the cane toad.
The sling bullet burns the cane toad.
The cane toad is almost dead.
The cane toad stings you!!
You die...

#........# #.....#.##........
###).......# ##...F.#......§>.P#
#P.........# ##....P†.......#...#
..........## #...##........P##...
....÷..##.# ##...###...##..##...
......###.## ##....###..#######..
.....###...# #.#..## ####≈≈≈≈##F<
....#..#...####.F..######≈§.§§##.
.......#....#.#.@P.#..#.≈...§§§#.
....#P....#.......#........>.§≈#.
....##....##..........#..≈...≈≈#.
....##...####...#..#..###≈≈≈≈≈##.
....####...##..........###≈≈≈##..
.......##...##........########...
.........#...##...##.).#.###.....
...###...#...#######..###........
....#.##....## #.##............


You could see a cane toad.

Vanquished Creatures
  A hydra (Lair:3)
  3 two-headed ogres (D:7)
  5 death yaks (Lair:3)
  A skyshark (Lair:3)
  2 deep elf pyromancers (D:7)
  A necromancer (IceCv)
  A salamander (Lair:3)
  A cyclops (D:7)
  6 elephants
  A black mamba (Lair:2)
  An ice statue (IceCv)
  A gargoyle (D:9)
  2 freezing wraiths (IceCv)
  2 unseen horrors
  6 cane toads
  A kobold demonologist (D:9)
  Maggie (D:8)
  A rime drake (Lair:3)
  3 anaconda simulacra (IceCv)
  5 komodo dragons
  A troll (D:10)
  13 ice devils
  Prince Ribbit (Lair:2)
  A hornet (D:9)
  12 blink frogs
  2 slime creatures (D:7)
  A shadow (D:10)
  2 vampires
  2 wyverns
  3 yaks (Lair:3)
  2 humans (D:9)
  2 dire elephant simulacra (IceCv)
  A steam dragon (D:8)
  Grum (D:8)
  A basilisk (Lair:1)
  4 death yak simulacra (IceCv)
  2 harpy simulacra (IceCv)
  Menkaure (D:6)
  3 hydra simulacra (IceCv)
  2 acid dragons
  8 water moccasins
  2 orc warriors
  2 sky beasts
  A black bear (D:6)
  An ice beast (D:7)
  An ogre (D:7)
  8 wolves
  10 centaurs
  An elf zombie (Ossuary)
  5 kobold brigands
  11 bullfrogs
  5 gnoll sergeants
  3 scorpions
  A two-headed ogre simulacrum (IceCv)
  3 cane toad simulacra (IceCv)
  A wight (D:7)
  5 killer bees (D:7)
  3 elephant simulacra (IceCv)
  2 howler monkeys
  4 lava snakes (Lair:3)
  2 centaur zombies (Ossuary)
  4 human zombies (Ossuary)
  3 orc priests
  A gnoll bouda (D:9)
  14 hounds
  2 sleepcaps
  4 iguanas
  7 orc wizards
  A scorpion zombie (D:5)
  A troll simulacrum (IceCv)
  2 spriggan simulacra (IceCv)
  4 polar bear simulacra (IceCv)
  6 wolf simulacra (IceCv)
  A hound skeleton (D:5)
  A hound zombie (D:5)
  3 mummies (Ossuary)
  A howler monkey skeleton (D:5)
  31 gnolls
  6 adders
  2 shadow imps
  3 white imps
  An adder skeleton (D:5)
  2 worms (D:2)
  2 dart slugs
  41 orcs
  8 endoplasms
  2 giant cockroaches
  7 goblins
  7 hobgoblins
  7 jackals
  6 quokkas
  6 ball pythons
  7 bats
  2 gnoll zombies (Ossuary)
  4 goblin zombies (Ossuary)
  7 hobgoblin zombies (Ossuary)
  5 jackal zombies (Ossuary)
  16 kobolds
  2 kobold zombies (Ossuary)
  2 orc zombies (Ossuary)
  5 quokka zombies (Ossuary)
  8 rats
  2 rat zombies (Ossuary)
427 creatures vanquished.

Vanquished Creatures (others)
  5 dream sheep (D:8)
  A slime creature (D:7)
  An orc (D:8)
7 creatures vanquished.

Grand Total: 434 creatures vanquished

Notes
Turn   | Place    | Note
-------+----------+-------------------------------------------
     0 | D:1      | Hubris850 the Spriggan Hunter began the quest for the Orb.
     0 | D:1      | Reached XP level 1. HP: 10/10 MP: 2/2
   173 | D:1      | Reached XP level 2. HP: 14/14 MP: 3/3
   438 | D:1      | Found Rener's Antique Armour Emporium.
   783 | D:2      | Reached XP level 3. HP: 18/18 MP: 4/4
   842 | D:2      | Reached skill level 5 in Ranged Weapons
   852 | D:2      | Identified a scroll of acquirement
   852 | D:2      | Acquired the +0 robe of Uskayaw's Indignation {rCorr Str-3
                  | Slay+6 Stlth+}
   873 | D:2      | Reached XP level 4. HP: 22/22 MP: 5/5
  1102 | D:2      | Found a faded altar of an unknown god.
  1111 | D:2      | Prayed at the altar of an unknown god.
  1111 | D:2      | Became a worshipper of Lugonu the Unformed
  1111 | D:2      | Reached * piety under Lugonu
  1245 | D:2      | Reached skill level 6 in Ranged Weapons
  1539 | D:2      | Acquired a +4 sling of flaming
  1699 | D:2      | Reached XP level 5. HP: 25/25 MP: 6/6
  1957 | D:3      | Reached ** piety under Lugonu
  2038 | D:3      | Found a sparkling altar of Nemelex Xobeh.
  2166 | D:3      | Found a shadowy altar of Dithmenos.
  2736 | D:4      | Learned a level 4 spell: Cause Fear
  2781 | D:4      | Found a staircase to the Ecumenical Temple.
  2914 | D:4      | Reached skill level 7 in Ranged Weapons
  2914 | D:4      | Reached skill level 1 in Spellcasting
  2914 | D:4      | Reached skill level 1 in Hexes
  2914 | D:4      | Reached XP level 6. HP: 30/30 MP: 7/9
  3285 | D:4      | Noticed a water moccasin
  3288 | D:4      | Killed a water moccasin
  3289 | D:4      | Reached XP level 7. HP: 24/33 MP: 12/12
  3808 | D:4      | Found a bloodstained altar of Trog.
  3929 | D:5      | Entered Level 5 of the Dungeon
  4000 | D:5      | Reached *** piety under Lugonu
  4110 | D:5      | Reached skill level 8 in Ranged Weapons
  4154 | D:5      | Found a sand-covered staircase.
  4163 | Ossuary  | Entered an ossuary
  4180 | Ossuary  | Reached XP level 8. HP: 37/37 MP: 16/16
  4233 | Ossuary  | Reached skill level 5 in Spellcasting
  4233 | Ossuary  | Reached skill level 5 in Hexes
  4399 | Ossuary  | Reached **** piety under Lugonu
  4679 | D:5      | Found a blossoming altar of Fedhas.
  5136 | D:6      | Noticed Menkaure
  5137 | D:6      | Killed Menkaure
  5138 | D:6      | Reached skill level 9 in Ranged Weapons
  5397 | D:6      | Found a snail-covered altar of Cheibriados.
  5407 | D:6      | Reached XP level 9. HP: 41/41 MP: 20/20
  5662 | D:7      | Identified the "Qiekhlyka"
  5670 | D:7      | Noticed a two-headed ogre
  5680 | D:7      | Killed a two-headed ogre
  5961 | D:7      | Learned a level 1 spell: Slow
  5965 | D:7      | Learned a level 3 spell: Inner Flame
  6024 | D:7      | Reached skill level 10 in Ranged Weapons
  6195 | D:7      | Reached ***** piety under Lugonu
  6351 | D:7      | Noticed a cyclops
  6356 | D:7      | Found a runed translucent door.
  6651 | D:7      | Reached skill level 11 in Ranged Weapons
  7030 | D:7      | Reached XP level 10. HP: 46/46 MP: 23/23
  7136 | D:7      | Killed a cyclops
  7219 | D:7      | Noticed a two-headed ogre
  7221 | D:7      | Noticed a two-headed ogre
  7224 | D:7      | Killed a two-headed ogre
  7225 | D:7      | Reached skill level 12 in Ranged Weapons
  7227 | D:7      | Noticed a deep elf pyromancer
  7251 | D:7      | Killed a two-headed ogre
  7252 | D:7      | Reached skill level 13 in Ranged Weapons
  7292 | D:7      | Noticed a deep elf pyromancer
  7301 | D:7      | Killed a deep elf pyromancer
  7484 | D:7      | Killed a deep elf pyromancer
  7485 | D:7      | Reached skill level 14 in Ranged Weapons
  7773 | D:7      | Reached XP level 11. HP: 36/49 MP: 24/24
  7825 | D:7      | Identified the +3 scale mail "Huonet" {rElec}
  8032 | D:8      | Found a staircase to the Lair.
  8059 | D:8      | Reached skill level 5 in Stealth
  8104 | D:8      | Reached skill level 5 in Dodging
  8161 | D:8      | Noticed Grum
  8193 | D:8      | Killed Grum
  8222 | D:8      | Found a glowing golden altar of the Shining One.
  8227 | D:8      | Noticed an angel
  8236 | D:8      | Found a basalt altar of Yredelemnul.
  8245 | D:8      | Noticed a profane servitor
  8272 | D:8      | Found a white marble altar of Elyvilon.
  8417 | D:8      | Found an ornate altar of the Wu Jian Council.
  8418 | D:8      | Noticed Maggie
  8421 | D:8      | Killed Maggie
  8629 | D:8      | Found a sacrificial altar of Ru.
  8679 | D:8      | Found an opulent altar of Gozag.
  8808 | D:8      | Found a shimmering altar of Xom.
  8947 | D:9      | Found an iron altar of Okawaru.
  8965 | D:9      | Reached skill level 10 in Stealth
  9118 | D:9      | Reached skill level 1 in Invocations
  9118 | D:9      | Reached skill level 1 in Evocations
  9152 | D:9      | Found a glowing silver altar of Zin.
  9192 | D:9      | Found a hide-covered altar of Uskayaw.
  9194 | D:9      | Noticed a +0 dagger
  9194 | D:9      | Noticed a +0 dagger
  9213 | D:9      | Found Veleun's General Store.
  9566 | D:9      | Found a faded altar of an unknown god.
  9567 | D:9      | Found a hazy altar of Hepliaklqana.
  9731 | D:10     | Entered Level 10 of the Dungeon
 10076 | D:10     | Identified the +2 pair of boots of Bad Feelings {*Corrode
                  | rElec rN+ Int+7}
 10084 | D:10     | Found Oteak's Book Boutique.
 10555 | D:15     | Identified the "Suno"
 10555 | Lair:1   | Entered Level 1 of the Lair of Beasts
 10662 | Lair:1   | Reached skill level 5 in Invocations
 10682 | Lair:1   | Reached ****** piety under Lugonu
 10992 | Lair:1   | Reached XP level 12. HP: 53/53 MP: 25/25
 11187 | Lair:1   | Found a frozen archway.
 11196 | IceCv    | Entered an ice cave
 11619 | IceCv    | Found an ancient bone altar of Kikubaaqudgha.
 11687 | IceCv    | Learned a level 4 spell: Flame Wave
 11724 | IceCv    | Reached skill level 1 in Fire Magic
 11768 | IceCv    | Reached skill level 1 in Conjurations
 12775 | IceCv    | Identified the ring "Apoat" {rElec rF+ rN+ Dex-3 Stlth+}
 13125 | IceCv    | Gained mutation: Your system is resistant to poisons.
                  | (rPois) [potion of mutation]
 13125 | IceCv    | Gained mutation: Potions are less effective at restoring
                  | your health. [potion of mutation]
 14164 | Lair:2   | Noticed Prince Ribbit
 14170 | Lair:2   | Killed Prince Ribbit
 14175 | Lair:2   | Reached skill level 10 in Spellcasting
 14187 | Lair:2   | Found a staircase to the Shoals.
 14872 | Lair:3   | Reached XP level 13. HP: 21/57 MP: 28/28
 15183 | Lair:3   | Learned a level 5 spell: Fireball
 15487 | Lair:3   | Reached skill level 5 in Evocations
 15567 | Lair:3   | Found an ornate altar of the Wu Jian Council.
 16336 | Lair:3   | Found a staircase to the Snake Pit.
 16355 | Lair:3   | Reached skill level 5 in Fire Magic
 16582 | Lair:3   | Slain by a cane toad

Illustrated notes

Levels and vault maps discovered:
D:1:      dpeg_arrival_rhombus, layout_loops_ring, serial_shops, shop
D:2:      wad_woods_tower, layout_basic, ebering_ecumenical_altar_webs
D:3:      layout_basic, nemelex_altar_shiori, nicolae_overflow_crystal_walls,
          minmay_checkerbox
D:4:      layout_layer_cave, lemuel_round_altar,
          minmay_temple_entry_drinking_statues, lightli_minifort
D:5:      layout_cave_pools, fedhas_altar_4,
          mainiacjoe_ossuary_entry_find_the_door, kennysheep_generic_room_4
D:6:      layout_loops_ring, lemuel_tele_altar, uniq_menkaure
D:7:      minmay_the_grid_triangle_9x9_rhombus_full
          [minmay_the_grid_triangle_9x9_corruption,
          minmay_the_grid_triangle_9x9_corrupted_corridor,
          minmay_the_grid_triangle_9x9_descending_squares,
          minmay_the_grid_triangle_9x9_pentomino_pain,
          minmay_the_grid_triangle_9x9_subtriangle,
          minmay_the_grid_triangle_9x9_odd_lines,
          minmay_the_grid_triangle_9x9_flanged_cone,
          minmay_the_grid_triangle_9x9_prize_insulated], layout_gridville,
          serial_bayou_pond_d
D:8:      layout_rooms, grunt_temple_overflow_holy_war, grunt_gozag_breadcrumbs,
          mainiacjoe_overflow_alcove_4, mainiacjoe_overflow_small_starburst,
          kb_xom_exploding_sheep, mainiacjoe_overflow_cross_hatched,
          uniq_maggie, uniq_grum
D:9:      layout_cave_pools, okawaru_humans, general_overflow_altar,
          dancing_weapons_uskayaw, beargit_hepliaklqana_dungeon_heroes,
          serial_shops, nicolae_shop_trees, serial_gnoll_camp, grums_kennel,
          gnoll_camp_medium_01, gnoll_camp_mini_sergeant, gnoll_camp_mini_hut
D:10:     layout_irregular_city, serial_shops, shop
Lair:1:   layout_regular_city, portal_ice_cave_demonic_guard
Lair:2:   layout_regular_city, minmay_shoals_entry_centaurs, uniq_prince_ribbit2
Lair:3:   layout_layer_cave, nicolae_snake_entry_warm_welcome, basic_altar
Lair:4:   layout_cave_pods, nicolae_slime_entry_field_trip, grunt_megastairs_4

Skill      XL: |  1  2  3  4  5  6  7  8  9 10 11 12 13 |
---------------+----------------------------------------+-----
Dodging        | 3 4 5 |  5.0
Stealth        | 2 4 10 | 10.2
Ranged Weapons | 5 6 7 8 9 11 14 | 14.0
Spellcasting   | 1 3 4 6 8 10 11 | 11.0
Hexes          | 1 3 4 6 8 |  8.0
Invocations    | 7 9 |  9.0
Evocations     | 4 6 |  6.0
Fire Magic     | 4 5 |  5.0
Conjurations   | 3 4 |  4.5
Fighting       | |  1.5

Action                     |  1- 3 |  4- 6 |  7- 9 | 10-12 | 13-15 || total
---------------------------+-------+-------+-------+-------+-------++-------
   Fire: Shortbow          |    77 |    37 |       |       |       ||   114
         Sling             |       |   101 |   290 |   773 |   164 ||  1328
  Throw: Throwing net      |       |     1 |       |       |       ||     1
   Cast: Cause Fear        |       |       |     1 |     1 |       ||     2
         Slow              |       |       |    11 |     1 |       ||    12
         Inner Flame       |       |       |     1 |    17 |     5 ||    23
  Evoke: Wand              |       |       |       |     2 |       ||     2
    Use: Scroll            |     5 |     6 |     5 |     7 |       ||    23
         Potion            |       |       |     1 |     6 |       ||     7
 Armour: Robe              |    11 |    10 |    41 |    49 |    10 ||   121
  Dodge: Dodged            |    32 |    21 |    71 |   109 |    15 ||   248

Table legend: (Time is in decaauts)
 A = Elapsed time spent in this place.
 B = Non-inter-level travel time spent in this place.
 C = Inter-level travel time spent in this place.
 D = Time resting spent in this place.
 E = Time spent auto-exploring this place.
 F = Levels seen in this place.
 G = Mean time per level.
                   A        B        C        D        E       F      G
               +--------+--------+--------+--------+--------+-----+--------+
         Total |  12093 |  11752 |    341 |   2721 |   6428 |  16 |  755.8 |
       Dungeon |   7313 |   7072 |    241 |    956 |   4764 |  10 |  731.3 |
          Lair |   2440 |   2341 |     99 |    309 |   1566 |   4 |  610.0 |
       Ossuary |    287 |    287 |      0 |     41 |      0 |   1 |  287.0 |
      Ice Cave |   2051 |   2051 |      0 |   1414 |     97 |   1 | 2051.0 |
               +--------+--------+--------+--------+--------+-----+--------+

Top non-repeatable levels by time:
   IceCv: 2051 daAuts
     D:7: 1829 daAuts
  Lair:3: 1358 daAuts
     D:4: 822 daAuts
     D:8: 763 daAuts
     D:3: 686 daAuts
     D:2: 653 daAuts
     D:9: 618 daAuts
  Lair:1: 574 daAuts
     D:6: 568 daAuts
    D:10: 518 daAuts
     D:1: 503 daAuts
  Lair:2: 500 daAuts
     D:5: 350 daAuts
 Ossuary: 287 daAuts
